Map: Prion Terraces

Players

ILLBdA - Winner!

  • Race: Zerg Zerg
  • League: Diamond

GustPoison

  • Race: Protoss Protoss
  • League: Diamond

VOD

Have the link to the VOD?

Description

Time

  • Played on: Dec. 13, 2015, 4:48 a.m.
  • Length: 2:32
Show
View Real Time Build Order
Export as new Build Order

ILLBdA Zerg - Winner!

Build Orders: Pool Only 

Get SALT Encoding   

  12  0:19  Spawning Pool  
  11  0:22  Drone  
  12  0:28  Extractor  
  12  0:30  Drone  
  12  0:33  Drone  
  13  0:43  Overlord  
  13  0:49  Drone  
  14  1:05  Zergling x2  
  14  1:06  Zergling x2  
  16  1:12  Queen  
  16  1:17  Zergling x2  
  19  1:29  Spine Crawler  
  18  2:00  Zergling x6  
  21  2:11  Overlord  
Show
View Real Time Build Order
Export as new Build Order

GustPoison Protoss 

Build Orders:  

Get SALT Encoding   

  12  0:01  Probe (Chrono Boost)  
  13  0:11  Probe (Chrono Boost)  
  14  0:22  Probe (Chrono Boost)  
  15  0:38  Pylon  
  15  0:57  Gateway  
  15  1:00  Gateway  
  15  1:02  Gateway  
  15  1:08  Probe (Chrono Boost)  
  16  1:14  Pylon  
  16  1:21  Probe (Chrono Boost)  
  16  1:47  Cybernetics Core  
  16  1:57  Gateway  
  16  2:07  Probe  
  17  2:12  Pylon, Assimilator  
  17  2:19  Probe  
Tags
 
Matchup
PvZ
Opening
Pool Only
Replay Pack
me
Add a new tag
Caveats
  • Supply blocks, unpowered buildings, or Contaminate may cause inaccurate times.
  • Supply counts are checked every 10 seconds.